NCAA
CLEMSON TIGERS @ AUBURN TIGERS
05/16/2030
 
TOP OF THE 1ST
Clemson Tigers batting - Pitching for Auburn Tigers : RHP Bill Barnes
Pitching: RHP Bill Barnes
Batting: LHB Dan Dukes 0-0: Ball
1-0: DOUBLE (Line Drive, 78D)
Batting: RHB Ricardo Medellín 0-0: Ball
1-0: Foul Ball, location: 2F
1-1: Swinging Strike
1-2: Strikes out looking
Batting: SHB Ken Hall 0-0: Ball
1-0: Ball
2-0: Ball
3-0: Called Strike
3-1: Foul Ball, location: 2F
3-2: Base on Balls
Batting: RHB Garth O'Flahavan 0-0: Called Strike
0-1: Swinging Strike
0-2: Ball
1-2: Strikes out swinging
Batting: RHB Blair Charnock 0-0: Swinging Strike
0-1: Ball
1-1: Called Strike
1-2: Strikes out swinging
Top of the 1st over - 0 runs, 1 hit, 0 errors, 2 left on base; Clemson 0 - Auburn 0
BOTTOM OF THE 1ST
Auburn Tigers batting - Pitching for Clemson Tigers : RHP Gonzalo López
Pitching: RHP Gonzalo López
Batting: LHB José Mendoza 0-0: Ball
1-0: Called Strike
1-1: Called Strike
1-2: Ball
2-2: Ball
3-2: Foul Ball, location: 2F
3-2: Base on Balls
Batting: RHB Lou Perry 0-0: Called Strike
0-1: Ball
1-1: Ball
2-1: Fly out, F7 (Flyball, 7S)
Batting: LHB Emmett Logan 0-0: SINGLE (Flyball, 7LM)
José Mendoza to second
Batting: LHB Ed Sorensen 0-0: Ball
1-0: Called Strike
1-1: Foul Ball, location: 2F
1-2: Fly out, F7 (Flyball, 7D)
Runner from 2nd tags up, SAFE at 3rd, no throw
Batting: RHB Ed McVinish 0-0: Called Strike
0-1: Ball
Wild Pitch!
José Mendoza scores
Emmett Logan to second
1-1: Ball
2-1: DOUBLE (Line Drive, 7LD)
Emmett Logan scores
Batting: SHB Wayne Tressler 0-0: Called Strike
0-1: Ground out 3-1 (Groundball, 34)
Bottom of the 1st over - 2 runs, 2 hits, 0 errors, 1 left on base; Clemson 0 - Auburn 2
TOP OF THE 2ND
Clemson Tigers batting - Pitching for Auburn Tigers : RHP Bill Barnes
Batting: SHB Michael Jones 0-0: Ball
1-0: Ball
2-0: Called Strike
2-1: Foul Ball, location: 2F
2-2: Strikes out looking
Batting: RHB António Delgado 0-0: Ball
1-0: Foul Ball, location: 2F
1-1: Ball
2-1: Foul Ball, location: 2F
2-2: Ball
3-2: Foul Ball, location: 2F
3-2: Ground out 6-3 (Groundball, 6)
Batting: LHB Jack Heinsohn 0-0: Ball
1-0: Foul Ball, location: 2F
1-1: Ball
2-1: Ball
3-1: Base on Balls
Batting: RHB Brian Childers 0-0: Ball
1-0: Ball
2-0: Foul Ball, location: 2F
2-1: Ball
3-1: Called Strike
3-2: Fly out, F7 (Flyball, 7)
Top of the 2nd over - 0 runs, 0 hits, 0 errors, 1 left on base; Clemson 0 - Auburn 2
BOTTOM OF THE 2ND
Auburn Tigers batting - Pitching for Clemson Tigers : RHP Gonzalo López
Batting: RHB Mike Brown 0-0: Called Strike
0-1: Swinging Strike
0-2: Ground out 5-3 (Groundball, 5)
Batting: LHB Jeremiah Harrison 0-0: Foul Ball, location: 2F
0-1: Foul Ball, location: 2F
0-2: Strikes out swinging
Batting: LHB Julián Icaza 0-0: Called Strike
0-1: Called Strike
0-2: Strikes out swinging
Bottom of the 2nd over - 0 runs, 0 hits, 0 errors, 0 left on base; Clemson 0 - Auburn 2
TOP OF THE 3RD
Clemson Tigers batting - Pitching for Auburn Tigers : RHP Bill Barnes
Batting: LHB Dan Dukes 0-0: Called Strike
0-1: Foul Ball, location: 2F
0-2: Foul Ball, location: 2F
0-2: Ball
1-2: Foul Ball, location: 2F
1-2: Fly out, F7 (Flyball, 7D)
Batting: RHB Ricardo Medellín 0-0: Ball
1-0: Called Strike
1-1: Ball
2-1: Ball
3-1: Base on Balls
Batting: SHB Ken Hall 0-0: Called Strike
Throwing error on steal attempt, E2
Ricardo Medellín to third
0-1: Ball
Passed Ball!
Ricardo Medellín scores
1-1: Ball
2-1: SINGLE (Groundball, 23) (infield hit)
Batting: RHB Garth O'Flahavan 0-0: Ball
1-0: Ball
2-0: Ball
3-0: Called Strike
3-1: Reached via error on a dropped throw, E1
Ken Hall to second
Batting: RHB Blair Charnock 0-0: Called Strike
0-1: Ball
1-1: Foul Ball, location: 2F
1-2: Ball
2-2: Foul Ball, location: 2F
2-2: Ball
3-2: Foul Ball, location: 2F
3-2: Grounds into double play, 6-4-3 (Groundball, 6M)
Top of the 3rd over - 1 run, 1 hit, 2 errors, 1 left on base; Clemson 1 - Auburn 2
BOTTOM OF THE 3RD
Auburn Tigers batting - Pitching for Clemson Tigers : RHP Gonzalo López
Batting: LHB José Mendoza 0-0: Called Strike
0-1: Bunt for hit - play at first, batter OUT! 1-3
Batting: RHB Lou Perry 0-0: Fly out, F6 (Line Drive, 6)
Batting: LHB Emmett Logan 0-0: Ball
1-0: Foul Ball, location: 2F
1-1: Ball
2-1: Fly out, F9 (Flyball, 9S)
Bottom of the 3rd over - 0 runs, 0 hits, 0 errors, 0 left on base; Clemson 1 - Auburn 2
TOP OF THE 4TH
Clemson Tigers batting - Pitching for Auburn Tigers : RHP Bill Barnes
Batting: SHB Michael Jones 0-0: SOLO HOME RUN (Line Drive, 89XD), Distance : 379 ft
Batting: RHB António Delgado 0-0: Called Strike
0-1: Foul Ball, location: 2F
0-2: Ball
1-2: Strikes out swinging
Batting: LHB Jack Heinsohn 0-0: Called Strike
0-1: Foul Ball, location: 2F
0-2: Ball
1-2: Fly out, F8 (Flyball, 8LD)
Batting: RHB Brian Childers 0-0: Called Strike
0-1: Foul Ball, location: 2F
0-2: Foul Ball, location: 2F
0-2: Ball
1-2: Fly out, F8 (Flyball, 8LD)
Top of the 4th over - 1 run, 1 hit, 0 errors, 0 left on base; Clemson 2 - Auburn 2
BOTTOM OF THE 4TH
Auburn Tigers batting - Pitching for Clemson Tigers : RHP Gonzalo López
Batting: LHB Ed Sorensen 0-0: Ball
1-0: Called Strike
1-1: Ball
2-1: Ground out 4-3 (Groundball, 4)
Batting: RHB Ed McVinish 0-0: Called Strike
0-1: Ground out U3 (Groundball, 3)
Batting: SHB Wayne Tressler 0-0: Ball
1-0: Foul Ball, location: 2F
1-1: Foul Ball, location: 2F
1-2: SINGLE (Flyball, 8RS)
Batting: RHB Mike Brown 0-0: Called Strike
Wayne Tressler is caught stealing 2nd base
Bottom of the 4th over - 0 runs, 1 hit, 0 errors, 0 left on base; Clemson 2 - Auburn 2
TOP OF THE 5TH
Clemson Tigers batting - Pitching for Auburn Tigers : RHP Bill Barnes
Pitching: LHP Jaime Sierra
Batting: LHB Dan Dukes 0-0: Ball
1-0: Called Strike
1-1: Ball
2-1: Fly out, F7 (Flyball, 7LSF)
Batting: RHB Ricardo Medellín 0-0: Ball
1-0: Called Strike
1-1: Foul Ball, location: 2F
1-2: Foul Ball, location: 2F
1-2: Strikes out swinging
Batting: SHB Ken Hall 0-0: Ball
1-0: Foul Ball, location: 2F
1-1: Ball
2-1: Swinging Strike
2-2: Strikes out swinging
Top of the 5th over - 0 runs, 0 hits, 0 errors, 0 left on base; Clemson 2 - Auburn 2
BOTTOM OF THE 5TH
Auburn Tigers batting - Pitching for Clemson Tigers : RHP Gonzalo López
Batting: RHB Mike Brown 0-0: Called Strike
0-1: Foul Ball, location: 2F
0-2: Fly out, F8 (Flyball, 8LD)
Batting: LHB Jeremiah Harrison 0-0: Foul Ball, location: 2F
0-1: Called Strike
0-2: Strikes out swinging
Batting: LHB Julián Icaza 0-0: Ball
1-0: Ball
2-0: Ball
3-0: Called Strike
3-1: Base on Balls
Batting: LHB José Mendoza 0-0: Called Strike
0-1: Called Strike
Julián Icaza is caught stealing 2nd base
Bottom of the 5th over - 0 runs, 0 hits, 0 errors, 0 left on base; Clemson 2 - Auburn 2
TOP OF THE 6TH
Clemson Tigers batting - Pitching for Auburn Tigers : LHP Jaime Sierra
Batting: RHB Garth O'Flahavan 0-0: Called Strike
0-1: Ball
1-1: Ball
2-1: Foul Ball, location: 2F
2-2: Ball
3-2: Foul Ball, location: 2F
3-2: Base on Balls
Batting: RHB Blair Charnock 0-0: Fly out, F4 (Line Drive, 34D)
Batting: SHB Michael Jones 0-0: Ball
1-0: Ground out 5-3 (Groundball, 56S)
Garth O'Flahavan to second
Batting: RHB António Delgado 0-0: Called Strike
0-1: Ball
1-1: Called Strike
1-2: SINGLE (Groundball, 4S) (infield hit)
Garth O'Flahavan to third
Batting: LHB Jack Heinsohn 0-0: Swinging Strike
0-1: Swinging Strike
0-2: Ball
1-2: Ball
2-2: Ball
3-2: Fly out, F8 (Flyball, 8RD)
Top of the 6th over - 0 runs, 1 hit, 0 errors, 2 left on base; Clemson 2 - Auburn 2
BOTTOM OF THE 6TH
Auburn Tigers batting - Pitching for Clemson Tigers : RHP Gonzalo López
Batting: LHB José Mendoza 0-0: Swinging Strike
0-1: Ball
1-1: Ball
2-1: Swinging Strike
2-2: Strikes out swinging
Batting: RHB Lou Perry 0-0: Ball
1-0: Foul Ball, location: 2F
1-1: Swinging Strike
1-2: Ball
2-2: Ball
3-2: Strikes out looking
Batting: LHB Emmett Logan 0-0: Ball
1-0: Swinging Strike
1-1: Ball
2-1: Swinging Strike
2-2: Foul Ball, location: 2F
2-2: SINGLE (Groundball, 4MD)
Pitching: RHP Luis Wilson
Batting: LHB Ed Sorensen 0-0: Called Strike
0-1: Called Strike
0-2: Strikes out swinging, 2-3 out at first.
Bottom of the 6th over - 0 runs, 1 hit, 0 errors, 1 left on base; Clemson 2 - Auburn 2
TOP OF THE 7TH
Clemson Tigers batting - Pitching for Auburn Tigers : LHP Jaime Sierra
Batting: RHB Brian Childers 0-0: Ball
1-0: Called Strike
1-1: Swinging Strike
1-2: Fly out, F3 (Popup, 34)
Batting: LHB Dan Dukes 0-0: Foul Ball, location: 2F
0-1: Ball
1-1: Called Strike
1-2: Foul Ball, location: 2F
1-2: Ball
2-2: Foul Ball, location: 2F
2-2: Strikes out swinging
Batting: RHB Ricardo Medellín 0-0: Foul Ball, location: 2F
0-1: Foul Ball, location: 2F
0-2: Ball
1-2: Ball
2-2: Ball
3-2: Strikes out looking
Top of the 7th over - 0 runs, 0 hits, 0 errors, 0 left on base; Clemson 2 - Auburn 2
BOTTOM OF THE 7TH
Auburn Tigers batting - Pitching for Clemson Tigers : RHP Luis Wilson
Pinch Hitting: LHB Chester Flores 0-0: Called Strike
0-1: Ball
1-1: Ball
2-1: Ball
3-1: Base on Balls
Batting: SHB Wayne Tressler 0-0: Called Strike
0-1: Called Strike
0-2: Ball
1-2: Ball
2-2: Ball
3-2: Strikes out swinging
Batting: RHB Mike Brown 0-0: Ball
1-0: Ball
2-0: Ball
3-0: Base on Balls
Chester Flores to second
Pitching: LHP Alan Nelson
Batting: LHB Jeremiah Harrison 0-0: Swinging Strike
0-1: Called Strike
0-2: Ball
1-2: Ball
2-2: Foul Ball, location: 2F
2-2: Fly out, F4 (Line Drive, 34)
Lined into DP, 4-6 (Line Drive, 34)
Bottom of the 7th over - 0 runs, 0 hits, 0 errors, 1 left on base; Clemson 2 - Auburn 2
TOP OF THE 8TH
Clemson Tigers batting - Pitching for Auburn Tigers : LHP Jaime Sierra
Now in RF: Terry Cochrane
Batting: SHB Ken Hall 0-0: Called Strike
0-1: Ball
1-1: Foul Ball, location: 2F
1-2: Ball
2-2: Strikes out swinging
Batting: RHB Garth O'Flahavan 0-0: Ground out 5-3 (Groundball, 56)
Batting: RHB Blair Charnock 0-0: Called Strike
0-1: Ball
1-1: Ball
2-1: Ball
3-1: Base on Balls
Pitching: RHP Shawn McPherson
Batting: SHB Michael Jones 0-0: Fielders Choice at 2nd, 6-4 (Groundball, 6)
Top of the 8th over - 0 runs, 0 hits, 0 errors, 1 left on base; Clemson 2 - Auburn 2
BOTTOM OF THE 8TH
Auburn Tigers batting - Pitching for Clemson Tigers : LHP Alan Nelson
Pitching: LHP Manuel Rodríguez
Batting: LHB Julián Icaza 0-0: Called Strike
0-1: Ground out 3-1 (Groundball, 34)
Batting: LHB José Mendoza 0-0: Called Strike
0-1: Foul Ball, location: 2F
0-2: Hit by Pitch
Batting: RHB Lou Perry 0-0: SINGLE (Flyball, 8RS)
José Mendoza to second
Batting: LHB Emmett Logan 0-0: Called Strike
0-1: Ball
1-1: Grounds into double play, 3-6-3 (Groundball, 34)
Bottom of the 8th over - 0 runs, 1 hit, 0 errors, 1 left on base; Clemson 2 - Auburn 2
TOP OF THE 9TH
Clemson Tigers batting - Pitching for Auburn Tigers : RHP Shawn McPherson
Pitching: RHP Michael Milicent
Batting: RHB António Delgado 0-0: Ball
1-0: Called Strike
1-1: Reached on error, E6 (Groundball, 6)
Batting: LHB Jack Heinsohn 0-0: Intentional Walk
Batting: RHB Brian Childers 0-0: Called Strike
0-1: Called Strike
0-2: Foul Ball, location: 2F
0-2: Strikes out swinging
Batting: LHB Dan Dukes 0-0: Called Strike
0-1: Called Strike
0-2: Ball
1-2: Ground out 5-3 (Groundball, 5S)
António Delgado to third
Jack Heinsohn to second
Batting: RHB Ricardo Medellín 0-0: SINGLE (Flyball, 89S)
António Delgado scores
Jack Heinsohn to third
Runner from 3rd tries for Home, SAFE, throw made home
Batting: SHB Ken Hall 0-0: Ball
1-0: Ball
2-0: Ball
3-0: Swinging Strike
3-1: Fly out, F9 (Flyball, 9LSF)
Top of the 9th over - 2 runs, 1 hit, 1 error, 1 left on base; Clemson 4 - Auburn 2
BOTTOM OF THE 9TH
Auburn Tigers batting - Pitching for Clemson Tigers : LHP Manuel Rodríguez
Batting: LHB Ed Sorensen 0-0: Ball
1-0: Ball
2-0: Called Strike
2-1: Fly out, F4 (Line Drive, 34)
Batting: RHB Terry Cochrane 0-0: Called Strike
0-1: SOLO HOME RUN (Flyball, 9D) (Inside the Park)
Batting: SHB Wayne Tressler 0-0: Ball
1-0: Foul Ball, location: 2F
1-1: Swinging Strike
1-2: Strikes out looking
Batting: RHB Mike Brown 0-0: Ball
1-0: Called Strike
1-1: Foul Ball, location: 2F
1-2: SINGLE (Line Drive, 7LM)
Batting: LHB Jeremiah Harrison 0-0: Ball
1-0: Ball
2-0: Ball
Wild Pitch!
Mike Brown to second
3-0: Called Strike
3-1: Called Strike
3-2: Strikes out swinging
Bottom of the 9th over - 1 run, 2 hits, 0 errors, 1 left on base; Clemson 4 - Auburn 3
Saturday, April 7th, 2018 - OOTP Baseball 18.8 Build 76